 Dungeon Crawl Stone Soup version 0.17.0-24-gcfadda4 (webtiles) character file.

116 tp1 the Conjurer (level 4, -2/24 HPs)
             Began as a Deep Elf Conjurer on Nov 15, 2015.
             Slain by a phantom (7 damage)
             ... on level 4 of the Dungeon.
             The game lasted 00:09:43 (2136 turns).

tp1 the Conjurer (Deep Elf Conjurer)                Turns: 2136, Time: 00:09:44

Health: -2/24      AC:  3    Str:  5      XL:     4   Next: 70%
Magic:  0/10       EV: 13    Int: 19 (21) God:
Gold:   53         SH:  0    Dex: 15      Spells: 2 memorised, 6 levels left

rFire  . . .     SeeInvis .     (no weapon)
rCold  . . .     Clarity  .     a - +0 robe
rNeg   . . .     SustAt   .     (no shield)
rPois  .         Gourm    .     (no helmet)
rElec  .         Spirit   .     (no cloak)
rCorr  .         Warding  .     (no gloves)
rMut   .         Stasis   .     k - +0 pair of boots
MR     .....                    (no amulet)
Stlth  ++........               (no ring)
                                (no ring)

@: not resistant to hostile enchantments, unstealthy
A: no striking features
a: no special abilities


You were on level 4 of the Dungeon.
You were very hungry.

You visited 1 branch of the dungeon, and saw 4 of its levels.

You collected 53 gold pieces.

Inventory:

Armour
 a - a +0 robe (worn)
 k - a +0 pair of boots (worn)
Scrolls
 e - a scroll of random uselessness {unknown}
 f - 3 scrolls of identify {unknown}
 h - a scroll of fear {unknown}
 j - a scroll of fog {unknown}
 m - 2 scrolls of teleportation {unknown}
 p - a scroll of enchant armour {unknown}
Potions
 d - a potion of poison {unknown}
 g - a potion of agility
 q - a potion of heal wounds {unknown}
Books
 b - a book of Conjurations

   Spells                             Type                      Level
   a - Magic Dart                     Conjuration                  1
   b - Searing Ray                    Conjuration                  2
   c - Dazzling Spray                 Conjuration/Hexes            3
   d - Fulminant Prism                Conjuration/Hexes            4
   e - Iskenderun's Mystic Blast      Conjuration                  4
   f - Iskenderun's Battlesphere      Conjuration/Charms           5
Comestibles
 c - 3 bread rations
 i - 4 fruits
 l - a beef jerky


   Skills:
 - Level 2.4 Dodging
 - Level 2.4 Stealth
 - Level 3.0 Spellcasting
 + Level 6.7 Conjurations


You had 6 spell levels left.
You knew the following spells:

 Your Spells              Type           Power        Failure   Level  Hunger
a - Magic Dart            Conj           ####         1%          1    None
b - Searing Ray           Conj           ####..       1%          2    ##.....


Dungeon Overview and Level Annotations

Branches:
Dungeon (4/15)
 Temple: D:4-7

Altars:
Elyvilon
Xom

Annotations:
D:2 Terence


Message History

The phantom blinks!
The phantom hits you.
You see here a dagger.
You are feeling very hungry.
The phantom blinks!
The phantom hits you!
* * * LOW HITPOINT WARNING * * *
Casting: Searing Ray
Confirm with . or Enter, or press ? or * to list all spells.
Aiming: Searing Ray
Press: ? - help, Shift-Dir - straight line, f/p - phantom
Aim: a phantom (severely damaged)
The searing ray hits the phantom.
The phantom is severely damaged.
The phantom hits you.
* * * LOW HITPOINT WARNING * * *
The searing ray hits the phantom.
The phantom is almost destroyed.
The phantom hits you!
You die...

#.# #........ #.# ..
#......# #.# ..#
#......# #.# ..#
#......# #.# #.#
#......# #.###### #.#
#......# ####......#.#.#
#......#
#...)####.#.#.###......#
#..<.# #.#...W@÷).....#
#..).# #.###.###......#
#....# #.....# #......#
###'########### #......#
#.#§........# #......#
#.#.#######.###.######
#...# #.....# #####
#######


You could see a phantom.

Vanquished Creatures
  Ijyb (D:2)
  2 adders
  2 gnolls (D:3)
  A worm (D:4)
  2 giant geckos (D:1)
  4 orcs
  5 bats
  3 giant cockroaches
  5 hobgoblins
  A ball python (D:2)
  5 goblins
  2 kobolds
  2 quokkas (D:2)
  5 rats
40 creatures vanquished.

Notes
Turn   | Place    | Note
--------------------------------------------------------------
     0 | D:1      | tp1 the Deep Elf Conjurer began the quest for the Orb.
     0 | D:1      | Reached XP level 1. HP: 10/10 MP: 6/6
   150 | D:1      | Reached XP level 2. HP: 15/15 MP: 5/8
   196 | D:1      | Reached skill level 5 in Conjurations
   204 | D:1      | Learned a level 2 spell: Searing Ray
   246 | D:1      | You fall through a shaft!
   378 | D:2      | Found a white marble altar of Elyvilon.
   525 | D:2      | Noticed Ijyb
   535 | D:2      | Killed Ijyb
   535 | D:2      | Reached XP level 3. HP: 19/19 MP: 0/9
   619 | D:2      | Noticed Terence
   861 | D:1      | Reached skill level 6 in Conjurations
  1139 | D:2      | Reached XP level 4. HP: 24/24 MP: 8/10
  1330 | D:3      | Found a shimmering altar of Xom.
  1717 | D:4      | HP: 1/24 [orc/dagger (3)]
  2035 | D:4      | Noticed a phantom
  2136 | D:4      | Slain by a phantom

Action                   |  1- 3 |  4- 6 || total
-------------------------+-------+-------++-------
Melee: Unarmed           |     2 |     1 ||     3
 Cast: Magic Dart        |    45 |    16 ||    61
       Searing Ray       |     1 |    13 ||    14
  Use: Potion            |       |     4 ||     4
  Eat: Chunk             |     1 |     2 ||     3
